 Dungeon Crawl Stone Soup version 0.24-a0-618-ge4662a2 (webtiles) character file.

Game seed: 17497780464551617877, levelgen mode: deterministic

284 BoppinsLewinski the Cudgeler (level 6, -2/47 HPs)
             Began as a Human Gladiator on Sept 16, 2019.
             Slain by an orc wizard
             ... wielding a +0 dagger
              (4 damage)
             ... on level 4 of the Dungeon.
             The game lasted 00:05:47 (3820 turns).

BoppinsLewinski the Cudgeler (Human Gladiator)      Turns: 3820, Time: 00:05:48

Health: -2/47      AC:  8    Str: 16 (17) XL:     6   Next: 54%
Magic:  6/6        EV: 18    Int:  5 (8)  God:
Gold:   178        SH:  0    Dex: 18 (19) Spells: 5/5 levels left

rFire    + . .     SeeInvis .   a - +0 flail
rCold    + . .     Gourm    .   (no shield)
rNeg     . . .     Faith    .   j - +0 ring mail
rPois    +         Spirit   .   c - +0 helmet
rElec    +         Reflect  .   (no cloak)
rCorr    +         Harm     .   (no gloves)
MR       .....                  g - +1 pair of boots
Stlth    ++........             (no amulet)
HPRegen  0.15/turn              (no ring)
MPRegen  0.10/turn              (no ring)

@: agile, resistant, hasted, very quick
A: no striking features
a: no special abilities


You were on level 4 of the Dungeon.
You were hungry.

You visited 1 branch of the dungeon, and saw 4 of its levels.

You collected 178 gold pieces.

Inventory:

Hand Weapons
 a - a +0 flail (weapon)
Missiles
 d - 4 throwing nets (quivered)
Armour
 b - a +0 leather armour
 c - a +0 helmet (worn)
 g - a +1 pair of boots (worn)
 j - a +0 ring mail (worn)
Jewellery
 l - an uncursed amulet of the acrobat {unknown}
Wands
 p - a wand of scattershot (4)
Scrolls
 e - 2 scrolls of remove curse {unknown}
 h - 5 scrolls of identify {unknown}
 i - 2 scrolls of amnesia {unknown}
 k - a scroll of magic mapping {unknown}
 r - 2 scrolls of teleportation {unknown}
Potions
 m - a potion of agility
Comestibles
 f - 8 rations


   Skills:
 + Level 3.3 Fighting
 * Level 4.9 Maces & Flails
 - Level 2.0 Throwing
 + Level 2.4 Armour
 + Level 4.0 Dodging


You had 5 spell levels left.
You didn't know any spells.
Your spell library contained the following spells:

 Spells                   Type           Power        Failure   Level  Hunger
 Beastly Appendage        Tmut           #.....       69%         1    ##.....
 Sticks to Snakes         Tmut           #.......     83%         2    ###....
 Spider Form              Tmut/Pois      #.........   96%         3    ####...
 Ice Form                 Ice/Tmut       #.......     100%        4    #####..
 Blade Hands              Tmut           #.........   100%        5    ######.


Dungeon Overview and Level Annotations

Branches:
Dungeon (4/15)
 Temple: D:4-7

Altars:


Message History

Tha orc wizard hits ye wit' a +0 dagger.
Ye hit tha orc wizard.
Tha orc wizard be heavily wounded.
Tha orc priest mumbles some strange prayers ta Beogh against ye.
Beogh smites ye!
* * * LOW HITPOINT WARNIN'
* * * Tha orc wizard gestures at ye while chantin'.
Tha puff o' frost hits ye.
Ye resist.
* * * LOW HITPOINT WARNIN'
* * * Unknown command.
Unknown command.
Unknown command.
It was a potion o' degeneration.
Thar was somethin' very wrong wit tha liquid.
Ye feel weaken'd.
Ye feel dopey.
Ye feel clumsy.
Tha orc wizard hits ye wit' a +0 dagger.
* * * LOW HITPOINT WARNIN'
* * * It was a potion o' haste.
Ye feel yerself speed up.
Tha orc wizard hits ye wit' a +0 dagger.
Ye die...

#######
......# ###
......# #..
.o..... #
#.###o......
#.#..@o{{.#
#....######
####.#
#####.#
#.....#
#.###.......
####.#
#.......
#....#
#.......
#.####
#.######


You could see an orc priest, an orc wizard and an orc.

Vanquished Creatures
  2 orc priests
  An iguana (D:4)
  Ijyb (D:4)
  6 adders
  2 oozes
  A worm (D:1)
  3 dart slugs (D:2)
  2 leopard geckos
  14 orcs
  5 ball pythons
  3 giant cockroaches
  5 goblins
  9 hobgoblins
  4 jackals (D:2)
  6 kobolds
  2 quokkas
  10 bats
  2 frilled lizards
  A quokka skeleton (D:4)
  7 rats
86 creatures vanquished.

Notes
Turn   | Place    | Note
-------+----------+-------------------------------------------
     0 | D:1      | BoppinsLewinski the Human Gladiator began the quest for the
                  | Orb.
     0 | D:1      | Reached XP level 1. HP: 16/16 MP: 1/1
    52 | D:1      | Reached XP level 2. HP: 9/22 MP: 2/2
   640 | D:1      | Reached XP level 3. HP: 20/27 MP: 3/3
   643 | D:1      | Reached skill level 1 in Armour
  1331 | D:2      | Reached XP level 4. HP: 29/34 MP: 4/4
  1991 | D:2      | Reached XP level 5. HP: 26/40 MP: 5/5
  3465 | D:4      | Reached XP level 6. HP: 42/47 MP: 6/6
  3757 | D:4      | Noticed Ijyb
  3766 | D:4      | Killed Ijyb
  3819 | D:4      | HP: 2/47 [orc wizard/+0 dagger (1)]
  3820 | D:4      | Slain by an orc wizard

Levels and vault maps discovered:
D:1:      evilmike_arrival_run_for_it, layout_rooms, minmay_cut_off
D:2:      layout_basic
D:3:      layout_basic, minmay_bisected
D:4:      layout_basic, first_ration, hangedman_abyss_or_decor_stabs,
          grunt_ministairs_13, uniq_ijyb

Skill      XL: |  1  2  3  4  5  6 |
---------------+-------------------+-----
Armour         | 1 2 |  2.4
Maces & Flails | 4 |  4.9
Fighting       | 3 |  3.3
Dodging        | 4 |  4.0
Throwing       | |  2.0

Action                   |  1- 3 |  4- 6 || total
-------------------------+-------+-------++-------
Melee: Flail             |    93 |   226 ||   319
Throw: Throwing net      |       |     1 ||     1
  Use: Potion            |       |    10 ||    10
 Stab: Held in net/web   |       |     2 ||     2
  Eat: Chunk             |     1 |     8 ||     9
Armor: Leather armour    |    19 |       ||    19
       Ring mail         |    24 |    74 ||    98
Dodge: Dodged            |    70 |   153 ||   223

Table legend:
 A = Non-vault XP
 B = Vault XP
 C = Vault XP percentage of total XP
 D = Non-vault monster count
 E = Vault monster count
 F = Vault count percentage of total count
                 A         B        C        D         E       F
            +---------+---------+-------+---------+---------+-------
      Total |     349 |      57 |  14.0 |      77 |       9 |  10.5
            +---------+---------+-------+---------+---------+-------
        D:1 |      34 |      12 |  26.1 |      16 |       5 |  23.8
        D:2 |     105 |       0 |   0.0 |      30 |       0 |   0.0
        D:3 |     105 |       2 |   1.9 |      19 |       2 |   9.5
        D:4 |     105 |      43 |  29.1 |      12 |       2 |  14.3
            +---------+---------+-------+---------+---------+-------
